 Dungeon Crawl Stone Soup version 0.28.0-1-gb440e238dd (webtiles) character file.

Game seed: 9826491594218981120

16 fragbeetle the Bolt Thrower (level 2, -7/27 HPs)
             Began as a Minotaur Hunter on Feb 24, 2022.
             Mangled by a gnoll (10 damage)
             ... on level 1 of the Dungeon.
             The game lasted 00:00:47 (478 turns).

fragbeetle the Bolt Thrower (Minotaur Hunter)        Turns: 478, Time: 00:00:48

Health: -7/27      AC:  3    Str: 16    XL:     2   Next: 41%
Magic:  1/1        EV: 11    Int:  8    God:
Gold:   52         SH:  0    Dex: 10    Spells: 1/1 levels left

rFire   . . .      SeeInvis .   h - +0 hand axe
rCold   . . .      Faith    .   (no shield)
rNeg    . . .      Spirit   .   c - +0 leather armour
rPois   .          Reflect  .   (helmet restricted)
rElec   .          Harm     .   (no cloak)
rCorr   .          Rampage  .   (no gloves)
Will    .....                   (no boots)
Stlth   +.........              (no amulet)
HPRegen 0.09/turn               (no ring)
MPRegen 0.07/turn               (no ring)

@: no status effects
A: horns 2, retaliatory headbutt
a: no special abilities


You were on level 1 of the Dungeon.
You visited 1 branch of the dungeon, and saw 1 of its levels.

You collected 52 gold pieces.

Inventory:

Hand Weapons
 a - a +1 hand crossbow
 b - a +0 short sword
 h - a +0 hand axe (weapon)
Missiles
 d - 20 bolts
Armour
 c - a +0 leather armour (worn)
Scrolls
 e - a scroll of amnesia {unknown}
 i - 3 scrolls of teleportation {unknown}
Potions
 f - a potion of magic {unknown}
 g - a potion of invisibility {unknown}


   Skills:
 + Level 3.8 Fighting
 - Level 4.3 Crossbows
 - Level 2.1 Dodging
 - Level 0.7 Stealth


You had one spell level left.
You didn't know any spells.
Your spell library was empty.

Dungeon Overview and Level Annotations

Branches:
Dungeon (1/15)

Altars:


Innate Abilities, Weirdness & Mutations

You have a pair of horns on your head.
You reflexively headbutt those who attack you in melee.


Message History

The goblin is heavily wounded.
The goblin hits you but does no damage.
You hit the goblin.
You kill the goblin!
You hit the frilled lizard.
You kill the frilled lizard!
No target in view!
Things that are here:
a +0 dagger; a frilled lizard corpse; a goblin corpse
i - 3 scrolls labelled SIBBOLOMUM You now have 52 gold pieces (gained 11).
You open the door.
A gnoll comes into view. It is wielding a +0 flail.
A gnoll is nearby!
There is an open door here.
The gnoll closely misses you.
You hit the gnoll.
The gnoll is heavily wounded.
The gnoll barely misses you.
You hit the gnoll but do no damage.
The gnoll is heavily wounded.
The gnoll hits you with a +0 flail! The gnoll hits you with a +0 flail.
You are too injured to fight recklessly!
You are too injured to fight recklessly!
You are too injured to fight recklessly!
You hit the gnoll.
The gnoll is heavily wounded.
The gnoll closely misses you.
You hit the gnoll but do no damage. Your headbutt misses the gnoll.
The gnoll is heavily wounded.
The gnoll hits you with a +0 flail.
* * * LOW HITPOINT WARNING * * *
You completely miss the gnoll.
The gnoll is heavily wounded.
The gnoll hits you with a +0 flail.
* * * LOW HITPOINT WARNING * * *
You closely miss the gnoll. You headbutt the gnoll.
The gnoll is almost dead.
The gnoll hits you with a +0 flail!
You die...

#.# ##.....## #.#
##.......## ##.##
###.........####...####
...........+..........
..........####..†####
#.......# #.....#
#g....# #..##.# #@..#
#)###.# ##'## #.# #.#
#.# #.###.# ##.####.##
#.....#
.........#######.#####
#.####...........#
#.....######## ##...##
##..#


You could see a gnoll.

Vanquished Creatures
  2 ball pythons (D:1)
  An endoplasm (D:1)
  3 goblins (D:1)
  3 hobgoblins (D:1)
  A quokka (D:1)
  2 frilled lizards (D:1)
  2 kobolds (D:1)
14 creatures vanquished.

Notes
Turn   | Place    | Note
-------+----------+-------------------------------------------
     0 | D:1      | fragbeetle the Minotaur Hunter began the quest for the Orb.
     0 | D:1      | Reached XP level 1. HP: 18/18 MP: 0/0
    86 | D:1      | Reached XP level 2. HP: 26/26 MP: 1/1
   478 | D:1      | Mangled by a gnoll

Illustrated notes

Levels and vault maps discovered:
D:1:      lightli_arrival_farm, layout_loops_corners, serial_shops, shop,
          chequers_ecumenical_altar_grove, kennysheep_minor_cross, moated_statue

Skill      XL: |  1 |
---------------+----+-----
Fighting       | 3 |  3.8
Crossbows      | |  4.3
Dodging        | |  2.1
Stealth        | |  0.7

Action                   || total
-------------------------++-------
Melee: Short sword       ||    12
       Headbutt          ||     8
       Hand axe          ||    13
 Fire: Hand crossbow     ||     1
Armor: Leather armour    ||     3
Dodge: Dodged            ||     9
